 Dungeon Sprint DCSS version 0.13-a0-2776-g5b28ffd (webtiles) character file.

41 JacquesDerrida the Slasher (level 2, 0/21 HPs)
             Began as a Demonspawn Skald on Aug 25, 2013.
             Was an Initiate of Sif Muna.
             Slain by a worker ant (7 damage)
             ... in the Dungeon (Sprint VII: "The Pits").
             The game lasted 00:01:10 (339 turns).

JacquesDerrida the Slasher (Demonspawn Skald)        Turns: 339, Time: 00:01:10

HP   0/21        AC  3     Str 12      XL: 2   Next: 65%
MP   2/5         EV 10     Int 13      God: Sif Muna [......]
Gold 20          SH  0     Dex 12      Spells:  1 memorised,  4 levels left

Res.Fire  : . . .   See Invis. : .   a - +0 falchion
Res.Cold  : . . .   Warding    : .   b - +0 leather armour
Life Prot.: . . .   Conserve   : .   (no shield)
Res.Poison: .       Res.Corr.  : .   (helmet restricted)
Res.Elec. : .       Clarity    : .   (no cloak)
Sust.Abil.: . .     Spirit.Shd : .   (no gloves)
Res.Mut.  : .       Prev.Telep.: +   (no boots)
Res.Rott. : .       Flight     : .   (no amulet)
Saprovore : . . .                    (no ring)
                                     (no ring)

@: not resistant to hostile enchantments, very unstealthy
A: horns 1
a: Renounce Religion


You were in the Dungeon.
You worshipped Sif Muna.
Sif Muna was noncommittal.
You were not hungry.

You visited 1 branch

Inventory:

Hand weapons
 a - a +0,+0 falchion (weapon)
Armour
 b - a +0 leather armour (worn)
Comestibles
 d - 8 bread rations
 f - 40 strawberries
 k - 7 meat rations
Scrolls
 j - a scroll of blinking
 m - 2 scrolls of vulnerability
 n - 3 scrolls of remove curse
 o - 5 scrolls of amnesia
 p - a scroll of summoning
Potions
 e - a potion of curing
 g - a potion of speed
 h - 4 potions of magic
 i - 3 potions of berserk rage
 l - 2 potions of invisibility
Books
 c - a book of Battle

   Spells                             Type                      Level
   *Infusion                          Charms                       1
   Shroud of Golubria                 Charms/Translocation         2
   Song of Slaying                    Charms                       2
   Spectral Weapon                    Hexes/Charms                 3
   Regeneration                       Charms/Necromancy            3
   Song of Shielding                  Charms                       4


   Skills:
 - Level 2.0 Fighting
 * Level 4.3 Long Blades
 - Level 0.8 Armour
 - Level 0.8 Dodging
 - Level 2.0 Spellcasting
 + Level 3.9 Charms


You had 4 spell levels left.
You knew the following spells:

 Your Spells              Type           Power        Failure   Level  Hunger
a - Infusion              Chrm           ##....       8%          1    ##.....


Dungeon Overview and Level Annotations

Branches:
Dungeon (1/1)

Altars:
Ashenzari
Cheibriados
Elyvilon
Fedhas
Kikubaaqudgha
Makhleb
Nemelex Xobeh
Okawaru
Sif Muna
Trog
Vehumet
Xom
Yredelemnul
Zin
the Shining One
Beogh
Jiyva
Lugonu


Innate Abilities, Weirdness & Mutations

You have a pair of small horns on your head.


Message History

Your attacks are magically infused.
You hit the quokka skeleton!
You destroy the quokka skeleton!
You closely miss the worker ant. The worker ant barely misses you.
The worker ant bites you.
You are poisoned.
The worker ant poisons you!
You closely miss the worker ant.
You feel sick. The worker ant bites you.
You hit the worker ant. You headbutt the worker ant.
The worker ant is moderately wounded.
You feel sick.
You feel better. The worker ant bites you.
You closely miss the worker ant.
The worker ant is moderately wounded.
The worker ant bites you. The worker ant misses you.
You hit the worker ant.
The worker ant is moderately wounded.
The worker ant bites you!
You die...

#__________#
#_____..___#
#######'#############
#.))).'.'..##.........
#.))).#.#.(##......#..#
#######'#####..........
#..........%'...........
#+#####'#####......#..#.
#..@ap##............
#####%#####'#####++
#.....##.......#
#.....##.......#
###a####.......#
#.p..l##...<...#
........##.......#
#........##.......#
###########.......#


You could see a phantom and a worker ant.

Vanquished Creatures
  A giant centipede (D)
  An ufetubus (D)
  An ooze (D)
  A giant newt (D)
  3 jackals (D)
  A quokka skeleton (D)
8 creatures vanquished.

Notes
Turn   | Place    | Note
--------------------------------------------------------------
     0 | D        | JacquesDerrida, the Demonspawn Skald, began the quest for the Orb.
     0 | D        | Reached XP level 1. HP: 15/15 MP: 3/3
    24 | D        | Reached skill level 3 in Charms
   155 | D        | Found a viscous altar of Jiyva.
   155 | D        | Found a corrupted altar of Lugonu.
   155 | D        | Found a sparkling altar of Nemelex Xobeh.
   155 | D        | Found a shimmering altar of Xom.
   155 | D        | Found a deep blue altar of Sif Muna.
   155 | D        | Found a bloodstained altar of Trog.
   156 | D        | Found an iron altar of Okawaru.
   156 | D        | Found a roughly hewn altar of Beogh.
   156 | D        | Found a burning altar of Makhleb.
   156 | D        | Found an ancient bone altar of Kikubaaqudgha.
   156 | D        | Found a glowing silver altar of Zin.
   156 | D        | Found a radiant altar of Vehumet.
   156 | D        | Found a blossoming altar of Fedhas.
   156 | D        | Found a snail-covered altar of Cheibriados.
   156 | D        | Found a white marble altar of Elyvilon.
   156 | D        | Found a basalt altar of Yredelemnul.
   156 | D        | Found a glowing golden altar of the Shining One.
   156 | D        | Found a shattered altar of Ashenzari.
   168 | D        | Became a worshipper of Sif Muna the Loreminder
   178 | D        | Gained mutation: You have a pair of small horns on your head. [demonic ancestry]
   178 | D        | Reached XP level 2. HP: 18/21 MP: 1/5
   243 | D        | Reached skill level 4 in Long Blades
   326 | D        | Noticed a worker ant
   327 | D        | Noticed a phantom
   339 | D        | Slain by a worker ant

Action                   || total
-------------------------++-------
Melee: Falchion          ||    47
 Cast: Infusion          ||     4
  Use: Potion            ||     1
